 Dungeon Crawl Stone Soup version 0.31-a0-175-g9f7f995f2b (webtiles) character file.

Game seed: 867809783333798066

114 qw the Shooter (level 4, -1/42 HPs)
             Began as a Naga Hunter on June 16, 2023.
             Slain by Robin
             ... wielding a +0 spear
              (5 damage)
             ... on level 3 of the Dungeon.
             The game lasted 00:00:41 (1738 turns).

qw the Shooter (Naga Hunter)                        Turns: 1738, Time: 00:00:42

Health: -1/42      AC:  2    Str: 14    XL:     4   Next: 98%
Magic:  4/4        EV:  9    Int:  9    God:
Gold:   156        SH:  0    Dex: 16    Spells: 3/3 levels left

rFire   . . .        Y - +0 shortbow
rCold   . . .        (shield currently unavailable)
rNeg    . . .        c - +0 leather armour
rPois   +            (no helmet)
rElec   .            (no cloak)
rCorr   .            (no gloves)
SInv    +            (no barding)
Will    .....        (no amulet)
Stlth   ++           (no ring)
HPRegen 0.27/turn    (no ring)
MPRegen 0.09/turn

%: no passive effects
@: short of breath, very slow
A: AC +1, large, see invisible, deformed body, poison resistance, slowness 2,
spit poison 1, naga tail 1
a: Spit Poison


You were on level 3 of the Dungeon.
You visited 1 branch of the dungeon, and saw 3 of its levels.

You collected 156 gold pieces.


Innate Abilities, Weirdness & Mutations

Your serpentine skin is tough. (AC +1)
You have supernaturally acute eyesight. (SInv)
Armour fits poorly on your strangely shaped body.
Your system is resistant to poisons. (rPois)
You cover ground very slowly.
You can spit poison.
You have a snake-like lower body.


   Skills:
 - Level 3.0 Fighting
 + Level 5.1 Ranged Weapons
 - Level 1.5 Dodging
 - Level 1.5 Stealth


You had 3 spell levels left.
You didn't know any spells.
Your spell library was empty.

Inventory:

Hand Weapons
 Y - a +0 shortbow (weapon)
Armour
 c - a +0 leather armour (worn)
 k - a scarf of invisibility
Jewellery
 f - a +6 ring of dexterity
Scrolls
 a - a scroll of identify
 i - a scroll of teleportation {unknown}
Potions
 b - a potion of cancellation
 d - a potion of berserk rage {unknown}
 e - a potion of brilliance {unknown}
 g - a potion of heal wounds {unknown}
 h - a potion of enlightenment {unknown}
 j - a potion of curing {unknown}

Dungeon Overview and Level Annotations

Branches:
Dungeon (3/15)

Altars:

Annotations:
D:3 Robin


Message History

The goblin hits you with a +0 dagger. The goblin closely misses you.
The goblin barely misses you.
You shoot an arrow. The arrow hits the goblin.
You kill the goblin!
The goblin hits you with a +0 club. The goblin hits you with a +0 dagger.
Robin throws the goblin at you!
You shoot an arrow. The arrow hits the goblin!
You kill the goblin!
The goblin no longer looks unusually strong.
The goblin hits you but does no damage. x2
Robin hits you from afar with a +0 spear.
You shoot an arrow. The arrow hits the goblin!
You kill the goblin!
The goblin hits you with a +0 dagger. Robin throws the goblin at you!
You shoot an arrow. The arrow hits the goblin!
You kill the goblin!
You have got your breath back.
Robin says, "We wiped out the hill dwarves - you're next!"
Robin barely misses you.
1734 ||| INVOKING Spit Poison.
Aiming: Spit Poison (1% risk of failure)
Press: ? - help, Shift-Dir - straight line, f - hobgoblin The splash of poison hits the hobgoblin.
The hobgoblin is poisoned.
You kill the hobgoblin!
The hobgoblin no longer looks unusually strong.
Robin hits you from afar with a +0 spear.
You shoot an arrow. The arrow barely misses the hobgoblin.
The hobgoblin hits you. Robin barely misses you.
You shoot an arrow. The arrow closely misses the hobgoblin.
The hobgoblin closely misses you. Robin hits you but does no damage.
Robin completely misses you.
The hobgoblin hits you but does no damage.
You shoot an arrow. The arrow hits the hobgoblin!
You kill the hobgoblin!
Robin hits you from afar with a +0 spear.
You shoot an arrow. The arrow hits Robin.
Robin is lightly wounded.
Robin hits you from afar with a +0 spear.
You die...

#....#..## #.# #.......#
#.# +....#..#### #.#
#..........# #.#
+..........# ##+# ####
#..........###... ....)
+...........##...
..)..g##)..........##...
......)@)...#.......#...
......#######.###..#####
..... #.# ....... <...
#.#+###.#... #+#
#...........
#.......#+#.
#...........
#...........
######..........


You could see Robin.

Vanquished Creatures
  3 gnolls (D:2)
  2 adders (D:3)
  A worm (D:2)
  3 orcs
  5 endoplasms
  A giant cockroach (D:3)
  9 goblins
  8 hobgoblins
  2 quokkas
  2 ball pythons
  6 bats
  5 frilled lizards
  8 kobolds
  4 rats
59 creatures vanquished.

Notes
Turn   | Place    | Note
-------+----------+-------------------------------------------
     0 | D:1      | qw the Naga Hunter began the quest for the Orb.
     0 | D:1      | Reached XP level 1. HP: 19/19 MP: 1/1
     0 | D:1      | 0 ||| qw: Version: 0.2-a-29-g511e9b1
     0 | D:1      | 0 ||| qw: Game counter: 5672
     0 | D:1      | 0 ||| qw: Always use a shield: true
     0 | D:1      | 0 ||| qw: God list: Okawaru
     0 | D:1      | 0 ||| qw: Allow faded altars: false
     0 | D:1      | 0 ||| qw: Do Orc after D:15 true
     0 | D:1      | 0 ||| qw: Do second Lair branch before Depths: true
     0 | D:1      | 0 ||| qw: Lair rune preference: random
     0 | D:1      | 0 ||| qw: Plans: Normal
     0 | D:1      | 0 ||| PLANNING D:1-11
    43 | D:1      | 43 ||| INVOKING Spit Poison.
    69 | D:1      | 69 ||| Stepping ~*~*~tactically~*~*~ (outnumbered).
    71 | D:1      | 71 ||| Stepping ~*~*~tactically~*~*~ (outnumbered).
    72 | D:1      | 72 ||| INVOKING Spit Poison.
    84 | D:1      | 84 ||| INVOKING Spit Poison.
    85 | D:1      | 85 ||| INVOKING Spit Poison.
   102 | D:1      | 102 ||| INVOKING Spit Poison.
   119 | D:1      | 119 ||| INVOKING Spit Poison.
   121 | D:1      | Reached skill level 4 in Ranged Weapons
   121 | D:1      | Reached XP level 2. HP: 26/26 MP: 2/2
   133 | D:1      | 133 ||| INVOKING Spit Poison.
   161 | D:1      | 161 ||| INVOKING Spit Poison.
   168 | D:1      | 168 ||| INVOKING Spit Poison.
   196 | D:1      | 196 ||| INVOKING Spit Poison.
   199 | D:1      | 199 ||| INVOKING Spit Poison.
   262 | D:1      | Found a faded altar of an unknown god.
   463 | D:1      | 463 ||| INVOKING Spit Poison.
   468 | D:1      | 468 ||| INVOKING Spit Poison.
   482 | D:1      | 482 ||| INVOKING Spit Poison.
   552 | D:1      | 552 ||| INVOKING Spit Poison.
   628 | D:1      | 628 ||| READING 3 scrolls labelled TYTUWI AFAKHLY.
   629 | D:1      | 629 ||| READING 4 scrolls labelled CYTUER QAITOS.
   630 | D:1      | 630 ||| DROPPING scroll of butterflies.
   631 | D:1      | 631 ||| DROPPING 3 scrolls of fog.
   672 | D:2      | 672 ||| INVOKING Spit Poison.
   688 | D:2      | 688 ||| INVOKING Spit Poison.
   726 | D:2      | 726 ||| INVOKING Spit Poison.
   727 | D:2      | Reached XP level 3. HP: 32/32 MP: 3/3
   772 | D:2      | 772 ||| INVOKING Spit Poison.
   796 | D:2      | 796 ||| INVOKING Spit Poison.
   808 | D:2      | 808 ||| INVOKING Spit Poison.
   818 | D:2      | 818 ||| INVOKING Spit Poison.
   823 | D:2      | 823 ||| INVOKING Spit Poison.
   864 | D:2      | 864 ||| INVOKING Spit Poison.
   868 | D:2      | 868 ||| INVOKING Spit Poison.
   871 | D:2      | 871 ||| INVOKING Spit Poison.
   872 | D:2      | Reached skill level 5 in Ranged Weapons
   872 | D:2      | Reached XP level 4. HP: 37/39 MP: 4/4
   881 | D:2      | 881 ||| INVOKING Spit Poison.
   995 | D:2      | 995 ||| INVOKING Spit Poison.
  1006 | D:2      | 1006 ||| INVOKING Spit Poison.
  1109 | D:2      | 1109 ||| READING scroll labelled HUULOX SEKEUPE.
  1110 | D:2      | 1110 ||| READING scroll labelled GEURYG ZITESM.
  1111 | D:2      | 1111 ||| READING scroll labelled OQAVUR KAABB.
  1112 | D:2      | 1112 ||| READING 2 scrolls of identify.
  1112 | D:2      | 1112 ||| IDENTIFYING emerald potion
  1141 | D:3      | 1141 ||| INVOKING Spit Poison.
  1143 | D:3      | 1143 ||| STAIRDANCE
  1145 | D:2      | HP: 9/39 [orc/+4 mace (9)]
  1147 | D:2      | 1147 ||| INVOKING Spit Poison.
  1269 | D:3      | 1269 ||| INVOKING Spit Poison.
  1435 | D:3      | 1435 ||| INVOKING Spit Poison.
  1539 | D:3      | 1539 ||| INVOKING Spit Poison.
  1552 | D:3      | 1552 ||| INVOKING Spit Poison.
  1578 | D:3      | 1578 ||| INVOKING Spit Poison.
  1582 | D:3      | 1582 ||| INVOKING Spit Poison.
  1586 | D:3      | 1586 ||| INVOKING Spit Poison.
  1720 | D:3      | Noticed Robin
  1721 | D:3      | 1721 ||| INVOKING Spit Poison.
  1724 | D:3      | Reached skill level 3 in Fighting
  1727 | D:3      | 1727 ||| INVOKING Spit Poison.
  1734 | D:3      | 1734 ||| INVOKING Spit Poison.
  1734 | D:3      | HP: 9/42 [Robin/+0 spear (3)]
  1737 | D:3      | HP: 3/42 [Robin/+0 spear (3)]
  1738 | D:3      | Slain by Robin

Levels and vault maps discovered:
D:1:      dpeg_arrival_oval, layout_loops_ring,
          ebering_ecumenical_altar_abandoned
D:2:      layout_rooms
D:3:      cheibrodos_pilgrimage, layout_basic,
          nicolae_uskayaw_murder_on_the_dancefloor, grunt_ministairs_10,
          uniq_crazy_yiuf_cottage, uniq_jessica, uniq_robin

Skill      XL: |  1  2  3  4 |
---------------+-------------+-----
Ranged Weapons | 4 5 |  5.1
Fighting       | 3 |  3.0
Dodging        | |  1.5
Stealth        | |  1.5

Action                     |  1- 3 |  4- 6 || total
---------------------------+-------+-------++-------
   Fire: Shortbow          |    56 |    48 ||   104
Ability: Spit Poison       |    25 |    15 ||    40
    Use: Scroll            |     2 |     4 ||     6
 Armour: Leather armour    |     4 |    12 ||    16
  Dodge: Dodged            |    10 |    21 ||    31

Table legend:
 A = Non-vault XP
 B = Vault XP
 C = Vault XP percentage of total XP
 D = Non-vault monster count
 E = Vault monster count
 F = Vault count percentage of total count
                 A         B        C        D         E       F
            +---------+---------+-------+---------+---------+-------
      Total |     135 |      29 |  17.7 |      45 |      14 |  23.7
            +---------+---------+-------+---------+---------+-------
        D:1 |      29 |       0 |   0.0 |      20 |       0 |   0.0
        D:2 |      69 |       7 |   9.2 |      16 |       3 |  15.8
        D:3 |      37 |      22 |  37.3 |       9 |      11 |  55.0
            +---------+---------+-------+---------+---------+-------
